 Dungeon Crawl Stone Soup version 0.30-a0-719-gcc4359ea44 (webtiles) character file.

Game seed: 17187252040741030651

111 demibob the Twirler (level 4, -7/49 HPs)
             Began as a Demonspawn Gladiator on Jan 27, 2023.
             Mangled by Terence
             ... wielding a +3 trident of venom
              (8 damage)
             ... on level 2 of the Dungeon.
             The game lasted 00:01:34 (1581 turns).

demibob the Twirler (Demonspawn Gladiator)          Turns: 1581, Time: 00:01:34

Health: -7/49      AC: 22    Str: 14    XL:     4   Next: 62%
Magic:  4/4        EV:  2    Int: 11    God:
Gold:   93         SH:  0    Dex: 15    Spells: 3/3 levels left

rFire   . . .      SeeInvis .    j - +8 club
rCold   . . .      Faith    .    (no shield)
rNeg    . . .      Spirit   .    (body armour currently unavailable)
rPois   +          Reflect  .    (helmet currently unavailable)
rElec   .          Harm     .    (cloak currently unavailable)
rCorr   .          Rampage  .    (gloves currently unavailable)
Will    .....      NoTele   +    (boots currently unavailable)
Stlth   +                        (no amulet)
HPRegen 0.28/turn                (no ring)
MPRegen 0.09/turn                (no ring)

@: lethally poisoned (-7 -> -20), tree-form, hasted, very quick
A: stationary, stasis, torment immunity, boosted hp, (hooves 1), demonic
guardian 1
a: no special abilities


You were on level 2 of the Dungeon.
You were a tree.
You visited 1 branch of the dungeon, and saw 2 of its levels.

You collected 93 gold pieces.


Innate Abilities, Weirdness & Mutations

You are a tree.
Your roots penetrate the ground, keeping you stationary.
You cannot be teleported.
You are immune to unholy pain and torment.
Your maximum health is greatly increased.
Your equipment is partially melded.
((You have large cloven feet.))
A weak demonic guardian rushes to your aid.


   Skills:
 - Level 2.0 Fighting
 + Level 5.0 Staves
 - Level 1.7 Throwing
 - Level 2.6 Dodging


You had 3 spell levels left.
You didn't know any spells.
Your spell library contained the following spells:

 Spells                   Type           Power      Damage    Failure   Level
 Beastly Appendage        Tmut           0%         N/A       34%         1
 Wereblood                Tmut           0%         N/A       47%         2
 Spider Form              Tmut/Pois      0%         N/A       71%         3

Inventory:

Hand Weapons
 a - a +0 quarterstaff
 j - a +8 club (weapon)
Missiles
 d - 3 throwing nets (quivered) {=f}
 e - a javelin
Armour
 b - a +0 leather armour (melded)
 c - a +0 helmet (melded)
 g - a +0 pair of boots
Scrolls
 i - 4 scrolls of identify {@r1}
 l - a scroll of noise {unknown}
Potions
 f - a potion of might
 h - 2 potions of haste {@q3}
 n - a potion of curing {@q1}

Dungeon Overview and Level Annotations

Branches:
Dungeon (2/15)

Altars:

Annotations:
D:2 Terence

#......# #.####.# #.#
♣.♣ #.##♣♣.♣♣##
#...†......
########.##♣♣.♣♣#.
#.........# ♣.♣ #.
#.###########.# #. #♣#
#..###. #......@#
#.###..
#.################.###.#
##~~~~#.....##~..
#####~~~###..####~~~~
###~~~~~~~~~#####~~~~##
#~~~~#####~~~~~~~~~####
###~~# ###~~~######.#
#~~~###########..###.#


You could see Terence.


Message History

You hit Terence but do no damage.
You feel sick. Terence closely misses you.
You closely miss Terence.
You feel sick.
Terence hits you with a +3 trident of venom.
You are more poisoned.
Terence hits you with a +3 trident of venom!
* * * LOW HITPOINT WARNING * * *
You are lethally poisoned!
It was a potion of haste.
You feel yourself speed up.
* * * LOW HITPOINT WARNING * * *
You feel extremely sick. Terence barely misses you.
It was a potion of flight.
You feel very buoyant.
You fly up into the air.
* * * LOW HITPOINT WARNING * * *
You feel very sick.
It was a potion of lignification.
You turn into a tree.
Your +0 helmet melds into your body.
Your +0 leather armour melds into your body.
Your roots penetrate the ground.
* * * LOW HITPOINT WARNING * * *
You feel very sick. Terence barely misses you.
Unknown command.
You sock Terence!
Terence is heavily wounded.
* * * LOW HITPOINT WARNING * * *
You feel very sick.
Terence hits you with a +3 trident of venom!
You die...

Skill      XL: |  1  2  3  4 |
---------------+-------------+-----
Staves         | 3 4 5 |  5.0
Fighting       | |  2.0
Throwing       | |  1.7
Dodging        | |  2.6

Action                     |  1- 3 |  4- 6 || total
---------------------------+-------+-------++-------
  Melee: Quarterstaff      |    23 |       ||    23
         Club              |     8 |    17 ||    25
         Kick              |     2 |     3 ||     5
         Punch             |       |     1 ||     1
    Use: Scroll            |     1 |       ||     1
         Potion            |     1 |     3 ||     4
   Stab: Sleeping          |     1 |       ||     1
 Armour: Leather armour    |    12 |       ||    12
  Dodge: Dodged            |    25 |    15 ||    40

Levels and vault maps discovered:
D:1:      moated_graveyard_arrival, layout_basic
D:2:      layout_loops_ring, grunt_ministairs_7, chequers_serial_rivers_large_b,
          minmay_tree_intersection, uniq_terence, uniq_natasha, uniq_jessica

Notes
Turn   | Place    | Note
-------+----------+-------------------------------------------
     0 | D:1      | demibob the Demonspawn Gladiator began the quest for the
                  | Orb.
     0 | D:1      | Reached XP level 1. HP: 16/16 MP: 1/1
   648 | D:1      | Reached skill level 3 in Staves
   844 | D:2      | Gained mutation: A weak demonic guardian rushes to your
                  | aid. [demonic ancestry]
   844 | D:2      | Reached XP level 2. HP: 20/22 MP: 2/2
   879 | D:2      | Noticed Jessica
   884 | D:2      | HP: 2/22 [Jessica/+8 club (7)]
   885 | D:2      | Killed Jessica
   886 | D:2      | Reached skill level 4 in Staves
   886 | D:2      | Gained mutation: You have large cloven feet. [demonic
                  | ancestry]
   886 | D:2      | Reached XP level 3. HP: 14/27 MP: 3/3
  1247 | D:2      | Noticed Natasha
  1251 | D:2      | Killed Natasha
  1252 | D:2      | Reached XP level 4. HP: 29/33 MP: 4/4
  1374 | D:2      | Noticed Natasha
  1383 | D:2      | Killed Natasha
  1526 | D:2      | Reached skill level 5 in Staves
  1572 | D:2      | Noticed Terence
  1580 | D:2      | HP: 4/49 [poisoned by Terence]
  1581 | D:2      | HP: 1/49 [poisoned by Terence]
  1581 | D:2      | Mangled by Terence

Vanquished Creatures
  Natasha (twice) (D:2)
  An adder (D:2)
  2 endoplasms (D:2)
  A goblin (D:2)
  A hobgoblin (D:2)
  A ball python (D:1)
  4 bats
  2 frilled lizards (D:2)
  2 kobolds
  2 rats
18 creatures vanquished.

Vanquished Creatures (collateral kills)
  Jessica (D:2)
  An adder (D:2)
  2 hobgoblins (D:2)
4 creatures vanquished.

Grand Total: 22 creatures vanquished

Table legend: (Time is in decaauts)
 A = Elapsed time spent in this place.
 B = Non-inter-level travel time spent in this place.
 C = Inter-level travel time spent in this place.
 D = Time resting spent in this place.
 E = Time spent auto-exploring this place.
 F = Levels seen in this place.
 G = Mean time per level.
                   A        B        C        D        E       F      G
               +--------+--------+--------+--------+--------+-----+--------+
         Total |   1615 |   1588 |     27 |     74 |   1332 |   2 |  807.5 |
       Dungeon |   1615 |   1588 |     27 |     74 |   1332 |   2 |  807.5 |
               +--------+--------+--------+--------+--------+-----+--------+

Top non-repeatable levels by time:
     D:1: 827 daAuts
     D:2: 788 daAuts

Table legend:
 A = Non-vault XP
 B = Vault XP
 C = Vault XP percentage of total XP
 D = Non-vault monster count
 E = Vault monster count
 F = Vault count percentage of total count
                 A         B        C        D         E       F
            +---------+---------+-------+---------+---------+-------
      Total |      86 |      73 |  45.9 |      19 |       3 |  13.6
            +---------+---------+-------+---------+---------+-------
        D:1 |       6 |       0 |   0.0 |       5 |       0 |   0.0
        D:2 |      80 |      73 |  47.7 |      14 |       3 |  17.6
            +---------+---------+-------+---------+---------+-------
